[Event "IV Jugando con las Estrellas 2019"]
[Site "Santa Cruz de la Palma"]
[Date "2019.08.09"]
[Round "1.1"]
[White "Pakleza, Zbigniew"]
[Black "Mamani Beltran, Deniman"]
[Result "1-0"]
[ECO "A14"]
[WhiteElo "2499"]
[BlackElo "1876"]
[Annotator "ChessBase"]
[PlyCount "45"]
[EventDate "2019.08.09"]
[EventType "swiss"]
[EventCountry "ESP"]
[SourceTitle "playchess.com"]
[Source "ChessBase"]
[SourceQuality "1"]
[TimeControl "5400+30"]

1. Nf3 Nf6 2. c4 e6 3. g3 d5 4. Bg2 Be7 5. b3 O-O 6. O-O c5 7. Bb2 Nc6 8. e3 d4 9. exd4 cxd4 10. Re1 Re8 11. d3 Bf8 12. Ne5 Nxe5 13. Rxe5 Nd7 14. Re1 e5 15. Ba3 Qb6 16. Bxf8 Kxf8 17. Nd2 f5 18. Nf3 Qd6 19. Qd2 a5 20. Re2 h6 21. Rae1 Qb4 22. Qd1 Qc5 23. Nh4 1-0

[Event "IV Jugando con las Estrellas 2019"]
[Site "Santa Cruz de la Palma"]
[Date "2019.08.09"]
[Round "1.3"]
[White "Lemos, Damian"]
[Black "Vicens Company, Maria Antonia"]
[Result "1-0"]
[ECO "B38"]
[WhiteElo "2487"]
[BlackElo "1858"]
[Annotator "RC"]
[PlyCount "63"]
[EventDate "2019.08.09"]
[EventType "swiss"]
[EventCountry "ESP"]
[SourceTitle "playchess.com"]
[Source "ChessBase"]
[SourceQuality "1"]
[TimeControl "5400+30"]

1. c4 Nf6 2. Nc3 c5 3. Nf3 g6 4. e4 d6 5. d4 cxd4 6. Nxd4 Bg7 7. Be2 O-O 8. O-O Nc6 9. Be3 Be6 10. Nxe6 fxe6 11. Qb3 Na5 12. Qa4 b6 13. b4 Nb7 14. Qa6 Qc8 15. Rac1 Nd8 16. Qa4 Qb7 17. c5 d5 18. Rfd1 dxe4 19. h3 Nd5 20. Nxd5 exd5 21. c6 Qc7 22. Rxd5 Nf7 23. Qb3 Kh8 24. Rd7 Qe5 25. Bd4 Qg5 26. Bxg7+ Kxg7 27. Qc3+ Kh6 28. Qe3 Qxe3 29. fxe3 Nd6 30. Ba6 Rfe8 31. c7 Kg7 32. Rc6 1-0

[Event "IV Jugando con las Estrellas 2019"]
[Site "Santa Cruz de la Palma"]
[Date "2019.08.09"]
[Round "1.4"]
[White "Tajedine, Sidi Mohamed"]
[Black "Kolosowski, Mateusz"]
[Result "0-1"]
[ECO "A16"]
[WhiteElo "1851"]
[BlackElo "2458"]
[Annotator "ChessBase"]
[PlyCount "86"]
[EventDate "2019.08.09"]
[EventType "swiss"]
[EventCountry "ESP"]
[SourceTitle "playchess.com"]
[Source "ChessBase"]
[SourceQuality "1"]
[TimeControl "5400+30"]

1. Nf3 Nf6 2. g3 g6 3. Bg2 Bg7 4. c4 d5 5. cxd5 Nxd5 6. O-O O-O 7. Nc3 Nb6 8. d3 Nc6 9. Be3 e5 10. Qd2 Re8 11. Bh6 Bh8 12. Rfd1 Bf5 13. Rac1 Qe7 14. a3 Rad8 15. Qe1 Bc8 16. Ne4 f5 17. Bg5 Qf8 18. Nc5 Rd6 19. Bd2 Bf6 20. Bc3 Nd5 21. Nd2 Nxc3 22. bxc3 Rdd8 23. Ncb3 Qxa3 24. Bxc6 bxc6 25. Ra1 Qe7 26. Rxa7 e4 27. d4 e3 28. Nf3 Be6 29. Nc5 Bd5 30. Nd3 exf2+ 31. Qxf2 Qxe2 32. Qxe2 Rxe2 33. Nfe5 Rg2+ 34. Kf1 Rxh2 35. Rxc7 Ra8 36. Nb4 Bxe5 37. dxe5 Rh1+ 38. Ke2 Bc4+ 39. Rd3 Ra5 40. Nxc6 Ra2+ 41. Ke3 Re1+ 42. Kf4 Bxd3 43. Kg5 Ra8 0-1

[Event "IV Jugando con las Estrellas 2019"]
[Site "Santa Cruz de la Palma"]
[Date "2019.08.09"]
[Round "1.5"]
[White "Pap, Misa"]
[Black "Alba Santana, Cayetano"]
[Result "1-0"]
[ECO "C67"]
[WhiteElo "2454"]
[BlackElo "1835"]
[Annotator "ChessBase"]
[PlyCount "165"]
[EventDate "2019.08.09"]
[EventType "swiss"]
[EventCountry "ESP"]
[SourceTitle "playchess.com"]
[Source "ChessBase"]
[SourceQuality "1"]
[TimeControl "5400+30"]

1. e4 e5 2. Nf3 Nc6 3. Bb5 Nf6 4. O-O Nxe4 5. Re1 Nd6 6. Nxe5 Nxe5 7. Rxe5+ Be7 8. Bd3 O-O 9. Nc3 Bf6 10. Re3 g6 11. b3 Re8 12. Ba3 Rxe3 13. fxe3 Ne8 14. Nd5 Bg5 15. Qf3 d6 16. Rf1 Be6 17. Nf4 Bxf4 18. Qxf4 a6 19. Bb2 Ng7 20. Bf6 Nh5 21. Bxd8 Nxf4 22. Bxc7 Nxd3 23. cxd3 d5 24. Be5 Rc8 25. Bc3 Bf5 26. d4 Rc6 27. Rf4 Bd3 28. h4 f5 29. Rf3 Be4 30. Rf1 Bd3 31. Rc1 Kf7 32. Kf2 Kf6 33. a4 Ke6 34. Kg3 Be4 35. Ra1 Bd3 36. a5 Bc2 37. Kf4 h6 38. Kf3 Bd3 39. Bb4 Rc8 40. Bc5 Be4+ 41. Kf2 Bd3 42. Rc1 Rc6 43. Rc3 Bb5 44. Kf3 Kf6 45. d3 Kf7 46. Ke2 Re6 47. g3 Bc6 48. Rc1 h5 49. Kf3 Bb5 50. Rd1 Bc6 51. Kf4 Kf6 52. Bb6 Ke7 53. Rc1 Kd7 54. Rc5 Re8 55. b4 Re6 56. Rc1 Re8 57. Bc5 Bb5 58. Rd1 Bc6 59. Ba7 Bb5 60. Bb6 Bc6 61. Re1 Re6 62. Kg5 Bb5 63. Ba7 Bxd3 64. Bb8 Bb5 65. Be5 Ke7 66. Rc1 Bc6 67. Rc5 Kf7 68. Kh6 Re8 69. b5 Bxb5 70. Rxd5 Bc6 71. Rc5 Rd8 72. Rc1 Rd5 73. e4 Rxa5 74. exf5 gxf5 75. Kxh5 Be4 76. Kg5 Rd5 77. h5 Rd7 78. h6 Ke6 79. Re1 Kd5 80. Kf4 Rh7 81. Bg7 b5 82. g4 Bd3 83. g5 1-0

[Event "IV Jugando con las Estrellas 2019"]
[Site "Santa Cruz de la Palma"]
[Date "2019.08.09"]
[Round "1.6"]
[White "Boix Pons, Catalina"]
[Black "Minzer, Claudio Javier"]
[Result "0-1"]
[ECO "E90"]
[WhiteElo "1831"]
[BlackElo "2448"]
[Annotator "ChessBase"]
[PlyCount "94"]
[EventDate "2019.08.09"]
[EventType "swiss"]
[EventCountry "ESP"]
[SourceTitle "playchess.com"]
[Source "ChessBase"]
[SourceQuality "1"]
[TimeControl "5400+30"]

1. d4 Nf6 2. Nf3 g6 3. c4 Bg7 4. Nc3 O-O 5. e4 d6 6. h3 c5 7. d5 e6 8. Be2 Na6 9. Be3 exd5 10. exd5 Re8 11. O-O Ne4 12. Nxe4 Rxe4 13. Qd2 Qb6 14. Rab1 Re8 15. b4 Qc7 16. b5 Nb8 17. Bd3 Nd7 18. Rfe1 Nf6 19. a4 Bd7 20. a5 Ne4 21. Bxe4 Rxe4 22. b6 axb6 23. Rxb6 Ra6 24. Reb1 Rxb6 25. axb6 Qd8 26. Qa2 Bf5 27. Rb5 Qd7 28. Ra5 h6 29. Ra8+ Re8 30. Qa7 Rxa8 31. Qxa8+ Qc8 32. Qa7 g5 33. Qa2 Qe8 34. Qa7 Qc8 35. Qa4 Bf6 36. Bd2 Kg7 37. Qb3 Qd8 38. Nh2 Bg6 39. Ng4 Bd4 40. Bc3 f5 41. Ne3 Qf6 42. Bd2 f4 43. Nd1 Qf5 44. Nc3 Qd3 45. Be1 f3 46. Qa3 fxg2 47. Kxg2 Be4+ 0-1

[Event "IV Jugando con las Estrellas 2019"]
[Site "Santa Cruz de la Palma"]
[Date "2019.08.09"]
[Round "1.7"]
[White "Barbot, Pierre"]
[Black "Diaz Reyes, Franklin"]
[Result "1-0"]
[ECO "C14"]
[WhiteElo "2441"]
[BlackElo "1818"]
[Annotator "ChessBase"]
[PlyCount "65"]
[EventDate "2019.08.09"]
[EventType "swiss"]
[EventCountry "ESP"]
[SourceTitle "playchess.com"]
[Source "ChessBase"]
[SourceQuality "1"]
[TimeControl "5400+30"]

1. e4 e6 2. d4 d5 3. Nc3 Nf6 4. Bg5 Be7 5. e5 Nfd7 6. Bxe7 Qxe7 7. f4 O-O 8. Nf3 c5 9. dxc5 Nxc5 10. Bd3 Nxd3+ 11. Qxd3 h6 12. O-O-O a5 13. h4 f5 14. exf6 Qxf6 15. g3 b6 16. Rhe1 Nd7 17. Nxd5 Qf7 18. Nc3 Nc5 19. Qd6 Ra6 20. Ne5 Qe8 21. Qc7 Bb7 22. Rd6 Qc8 23. Qxc8 Rxc8 24. Nd7 Nxd7 25. Rxd7 Bf3 26. f5 exf5 27. Ree7 Bg4 28. Rxg7+ Kf8 29. Nd5 b5 30. Rgf7+ Kg8 31. Rg7+ Kf8 32. Rdf7+ Ke8 33. Nc7+ 1-0

[Event "IV Jugando con las Estrellas 2019"]
[Site "Santa Cruz de la Palma"]
[Date "2019.08.09"]
[Round "1.8"]
[White "Mamani Beltran, Daniel"]
[Black "Pile, Richard"]
[Result "0-1"]
[ECO "B14"]
[WhiteElo "1817"]
[BlackElo "2416"]
[Annotator "ChessBase"]
[PlyCount "118"]
[EventDate "2019.08.09"]
[EventType "swiss"]
[EventCountry "ESP"]
[SourceTitle "playchess.com"]
[Source "ChessBase"]
[SourceQuality "1"]
[TimeControl "5400+30"]

1. d4 Nf6 2. c4 e6 3. Nc3 Bb4 4. Qc2 c5 5. e3 Nc6 6. Nf3 O-O 7. Bd3 cxd4 8. exd4 d5 9. cxd5 Qxd5 10. O-O Qd8 11. Rd1 h6 12. a3 Bxc3 13. bxc3 b6 14. c4 Ba6 15. d5 exd5 16. cxd5 Bxd3 17. Qxd3 Ne7 18. d6 Ned5 19. Bb2 Re8 20. Be5 Qd7 21. Qb3 Qe6 22. d7 Red8 23. Bxf6 Nxf6 24. Qxe6 fxe6 25. Ne5 Nd5 26. g3 g5 27. Rac1 Kf8 28. f4 gxf4 29. gxf4 Kg7 30. Rxd5 exd5 31. Rc7 Kf6 32. Nc6 Rg8+ 33. Kf2 Ke6 34. d8=Q Rgxd8 35. Nxd8+ Rxd8 36. Rxa7 d4 37. Ke2 Kf5 38. Rf7+ Ke4 39. Rf6 Rc8 40. Re6+ Kd5 41. Rxh6 Rc2+ 42. Kd3 Rc3+ 43. Kd2 b5 44. f5 Rxa3 45. f6 Rf3 46. Ke2 Rf4 47. Kd3 Rf3+ 48. Ke2 Rf5 49. Kd3 b4 50. Rh8 Rf3+ 51. Kc2 Rxf6 52. Rb8 Kc5 53. h4 Rf2+ 54. Kd3 Rf3+ 55. Kc2 d3+ 56. Kb3 Rh3 57. Rc8+ Kd4 58. Kxb4 Rh1 59. Rd8+ Ke3 0-1

[Event "IV Jugando con las Estrellas 2019"]
[Site "Santa Cruz de la Palma"]
[Date "2019.08.10"]
[Round "2.1"]
[White "Klimentov, Roman"]
[Black "Pakleza, Zbigniew"]
[Result "1/2-1/2"]
[ECO "B06"]
[WhiteElo "2173"]
[BlackElo "2506"]
[Annotator "ChessBase"]
[PlyCount "41"]
[EventDate "2019.08.09"]
[EventType "swiss"]
[EventCountry "ESP"]
[SourceTitle "playchess.com"]
[Source "ChessBase"]
[SourceQuality "1"]
[TimeControl "5400+30"]

1. e4 g6 2. d4 Bg7 3. Nf3 d6 4. Bc4 Nf6 5. Qe2 O-O 6. O-O c6 7. Bb3 d5 8. Nbd2 e6 9. e5 Nfd7 10. c4 b5 11. c5 f6 12. exf6 Qxf6 13. Re1 Re8 14. Nf1 Na6 15. Ne3 Qf8 16. Bd2 Bb7 17. Rac1 e5 18. Nxd5 Kh8 19. dxe5 Ndxc5 20. Ne3 Nxb3 21. axb3 1/2-1/2

[Event "IV Jugando con las Estrellas 2019"]
[Site "Santa Cruz de la Palma"]
[Date "2019.08.10"]
[Round "2.2"]
[White "Kurajica, Bojan"]
[Black "Cubas Cabrera, Angel Luis"]
[Result "1-0"]
[ECO "E06"]
[WhiteElo "2494"]
[BlackElo "2145"]
[Annotator "ChessBase"]
[PlyCount "59"]
[EventDate "2019.08.09"]
[EventType "swiss"]
[EventCountry "ESP"]
[SourceTitle "playchess.com"]
[Source "ChessBase"]
[SourceQuality "1"]
[TimeControl "5400+30"]

1. c4 e6 2. Nf3 Nf6 3. g3 d5 4. Bg2 Be7 5. d4 O-O 6. Qc2 dxc4 7. Qxc4 a6 8. Bf4 Nd5 9. Bd2 Nd7 10. e4 N5f6 11. Qe2 c5 12. O-O b5 13. dxc5 Nxc5 14. e5 Nd5 15. h4 h6 16. Nh2 Re8 17. Qg4 Kh8 18. Qh5 Kg8 19. Ng4 Bf8 20. Rd1 g6 21. Nxh6+ Kh7 22. Qg5 Qxg5 23. hxg5 Bxh6 24. gxh6 Nd3 25. Bc3 Nc5 26. Bd4 Nd7 27. Nd2 Kxh6 28. Ne4 Kg7 29. Nd6 Rh8 30. Bxd5 1-0

[Event "IV Jugando con las Estrellas 2019"]
[Site "Santa Cruz de la Palma"]
[Date "2019.08.10"]
[Round "2.6"]
[White "Minzer, Claudio Javier"]
[Black "Guerra Arrocha, Daniel"]
[Result "1-0"]
[ECO "A41"]
[WhiteElo "2446"]
[BlackElo "2129"]
[Annotator "NA"]
[PlyCount "59"]
[EventDate "2019.08.09"]
[EventType "swiss"]
[EventCountry "ESP"]
[SourceTitle "playchess.com"]
[Source "ChessBase"]
[SourceQuality "1"]
[TimeControl "5400+30"]

1. d4 d6 2. e4 g6 3. c4 e5 4. d5 f5 5. exf5 Bxf5 6. Nc3 Nf6 7. Be2 Ne4 8. Nxe4 Bxe4 9. Nf3 Be7 10. Bd3 Bxd3 11. Qxd3 Nd7 12. Be3 O-O 13. O-O Rxf3 14. gxf3 Qf8 15. f4 exf4 16. Bd4 Bf6 17. Qh3 Bxd4 18. Qxd7 f3 19. Rae1 Be5 20. Qe6+ Kh8 21. Rxe5 dxe5 22. Qxe5+ Qg7 23. Re1 Rf8 24. h3 h5 25. Kh2 h4 26. Qg5 Qf6 27. Qh6+ Kg8 28. Re6 Qg7 29. Re1 Qxb2 30. Qxg6+ 1-0

[Event "IV Jugando con las Estrellas 2019"]
[Site "Santa Cruz de la Palma"]
[Date "2019.08.11"]
[Round "3.1"]
[White "Ramiro Ovejero, Juan Luis"]
[Black "Kurajica, Bojan"]
[Result "0-1"]
[ECO "B30"]
[WhiteElo "2347"]
[BlackElo "2494"]
[Annotator "ChessBase"]
[PlyCount "60"]
[EventDate "2019.08.09"]
[EventType "swiss"]
[EventCountry "ESP"]
[SourceTitle "playchess.com"]
[Source "ChessBase"]
[SourceQuality "1"]
[TimeControl "5400+30"]

1. e4 c5 2. Nf3 Nc6 3. Bb5 e6 4. O-O Nge7 5. d4 cxd4 6. Nxd4 Ng6 7. Be3 Be7 8. Be2 O-O 9. c4 b6 10. Nc3 Bb7 11. Qd2 Nxd4 12. Bxd4 f5 13. exf5 Nh4 14. f3 Nxf5 15. Bf2 Bg5 16. Qd3 Bf4 17. Rad1 Rf7 18. Ne4 d5 19. cxd5 exd5 20. g3 Qe8 21. Nc3 Be3 22. Nxd5 Bxf2+ 23. Rxf2 Bxd5 24. Qxd5 Ne3 25. Qg5 Nxd1 26. Bxd1 Qe1+ 27. Rf1 Qe7 28. Qh5 g6 29. Qh6 Qf8 30. Qh4 Rd7 0-1

[Event "IV Jugando con las Estrellas 2019"]
[Site "Santa Cruz de la Palma"]
[Date "2019.08.11"]
[Round "3.2"]
[White "Ambartsumova, Karina"]
[Black "Kolosowski, Mateusz"]
[Result "1/2-1/2"]
[ECO "A49"]
[WhiteElo "2359"]
[BlackElo "2458"]
[Annotator "ChessBase"]
[PlyCount "126"]
[EventDate "2019.08.09"]
[EventType "swiss"]
[EventCountry "ESP"]
[SourceTitle "playchess.com"]
[Source "ChessBase"]
[SourceQuality "1"]
[TimeControl "5400+30"]

1. d4 Nf6 2. Nf3 g6 3. g3 Bg7 4. Bg2 d5 5. O-O c6 6. b3 O-O 7. c4 dxc4 8. bxc4 c5 9. Bb2 cxd4 10. Nxd4 Qb6 11. Qb3 Nfd7 12. e3 Nc5 13. Qxb6 axb6 14. Nd2 Nbd7 15. Rfd1 Ne5 16. Bc3 Ra4 17. Nb5 Bd7 18. Bf1 Bc6 19. Bd4 Ne6 20. Nc3 Ra3 21. Nd5 Bxd5 22. cxd5 Nxd4 23. exd4 Nd7 24. Nc4 Ra4 25. d6 exd6 26. Nxd6 Bxd4 27. Bb5 Bxa1 28. Bxa4 Nc5 29. Rxa1 Nxa4 30. Nxb7 Rb8 31. Nd6 Rd8 32. Nb5 Rd2 33. a3 Rb2 34. Nd4 Kg7 35. Re1 Rd2 36. Nb5 Rb2 37. Nd4 Nc5 38. Re3 Kf6 39. h4 h6 40. Kg2 Nd7 41. Nc6 Rd2 42. Rf3+ Kg7 43. Rb3 Rd6 44. Na7 Kf6 45. Rf3+ Kg7 46. Rb3 f5 47. Nc8 Rc6 48. Na7 Rc2 49. Kg1 g5 50. hxg5 hxg5 51. Nb5 Rc1+ 52. Kg2 Nc5 53. Rb2 g4 54. Nd4 Nd3 55. Rxb6 Ne1+ 56. Kh2 Kf7 57. Rb5 Rd1 58. Rxf5+ Ke7 59. f3 Rxd4 60. Re5+ Kd6 61. Rxe1 Rd2+ 62. Kg1 gxf3 63. Re3 Rg2+ 1/2-1/2

[Event "IV Jugando con las Estrellas 2019"]
[Site "Santa Cruz de la Palma"]
[Date "2019.08.11"]
[Round "3.3"]
[White "Gutierrez Olivares, Daniel"]
[Black "Minzer, Claudio Javier"]
[Result "1-0"]
[ECO "A10"]
[WhiteElo "2320"]
[BlackElo "2448"]
[Annotator "ChessBase"]
[PlyCount "81"]
[EventDate "2019.08.09"]
[EventType "swiss"]
[EventCountry "ESP"]
[SourceTitle "playchess.com"]
[Source "ChessBase"]
[SourceQuality "1"]
[TimeControl "5400+30"]

1. c4 b6 2. Nc3 Bb7 3. e4 e5 4. g3 Bc5 5. Bg2 Ne7 6. Nf3 Nbc6 7. O-O O-O 8. Nd5 d6 9. d3 Nd4 10. Be3 Nxf3+ 11. Bxf3 Nc6 12. Bg2 a5 13. f4 Bxe3+ 14. Nxe3 Nd4 15. Qg4 f6 16. Rf2 Rb8 17. Raf1 Bc8 18. Qh4 b5 19. Kh1 bxc4 20. dxc4 Be6 21. Bh3 Qd7 22. Bxe6+ Qxe6 23. f5 Qf7 24. g4 h6 25. Rg1 Rb4 26. Qg3 Rfb8 27. Rgg2 a4 28. h4 c6 29. Qh3 Kf8 30. g5 Qh5 31. gxf6 gxf6 32. Qg3 Qf7 33. Ng4 Qg7 34. Qe3 a3 35. Qxa3 h5 36. Nxe5 dxe5 37. Rxg7 Kxg7 38. Rg2+ Kf8 39. Qg3 Rxb2 40. Rxb2 Rxb2 41. Qa3+ 1-0

[Event "IV Jugando con las Estrellas 2019"]
[Site "Santa Cruz de la Palma"]
[Date "2019.08.11"]
[Round "3.4"]
[White "Brito Garcia, Alfredo"]
[Black "Pile, Richard"]
[Result "0-1"]
[ECO "E15"]
[WhiteElo "2314"]
[BlackElo "2416"]
[Annotator "ChessBase"]
[PlyCount "102"]
[EventDate "2019.08.09"]
[EventType "swiss"]
[EventCountry "ESP"]
[SourceTitle "playchess.com"]
[Source "ChessBase"]
[SourceQuality "1"]
[TimeControl "5400+30"]

1. d4 Nf6 2. c4 e6 3. Nf3 b6 4. g3 Ba6 5. Nbd2 Bb4 6. Qa4 c5 7. dxc5 Bxc5 8. Bg2 Bb7 9. O-O O-O 10. b4 Be7 11. Bb2 Qc7 12. Rac1 Ne4 13. Nxe4 Bxe4 14. Rfd1 Qb7 15. Be5 Nc6 16. Bd6 Rfd8 17. Nh4 Bxg2 18. Nxg2 Bxd6 19. Rxd6 Qc7 20. Rdd1 d6 21. Qb3 Rac8 22. Ne3 h6 23. Qb2 Qb8 24. h4 a5 25. a3 axb4 26. axb4 b5 27. c5 d5 28. Ra1 d4 29. Nf1 Qb7 30. Ra3 Ne5 31. Qa2 Qe4 32. Nh2 d3 33. exd3 Qxb4 34. Rb3 Qxc5 35. Qb1 Rb8 36. d4 Qd5 37. Rc1 Qxd4 38. Rxb5 Rxb5 39. Qxb5 Nd3 40. Rf1 Qe4 41. Qa5 Rd5 42. Qa8+ Kh7 43. Qa2 Ne1 44. f3 Qe5 45. Qf2 Nd3 46. f4 Qe4 47. Qg2 Qe3+ 48. Kh1 Ne1 49. Qf2 Qe4+ 50. Kg1 Rd1 51. h5 f5 0-1

[Event "IV Jugando con las Estrellas 2019"]
[Site "Santa Cruz de la Palma"]
[Date "2019.08.11"]
[Round "3.5"]
[White "Hernandez Leon, Alberto"]
[Black "Alonso Bouza, Julio Javier"]
[Result "1/2-1/2"]
[ECO "E94"]
[WhiteElo "2289"]
[BlackElo "2393"]
[Annotator "NA"]
[PlyCount "22"]
[EventDate "2019.08.09"]
[EventType "swiss"]
[EventCountry "ESP"]
[SourceTitle "playchess.com"]
[Source "ChessBase"]
[SourceQuality "1"]
[TimeControl "5400+30"]

1. d4 Nf6 2. c4 g6 3. Nc3 Bg7 4. e4 d6 5. Be2 O-O 6. Nf3 e5 7. O-O Nbd7 8. Be3 Re8 9. d5 Nh5 10. Re1 Bf8 11. b4 Ng7 1/2-1/2

[Event "IV Jugando con las Estrellas 2019"]
[Site "Santa Cruz de la Palma"]
[Date "2019.08.11"]
[Round "3.6"]
[White "Klimentov, Evgeny"]
[Black "Del Rey, Diego"]
[Result "1-0"]
[ECO "B07"]
[WhiteElo "2211"]
[BlackElo "2374"]
[Annotator "ChessBase"]
[PlyCount "141"]
[EventDate "2019.08.09"]
[EventType "swiss"]
[EventCountry "ESP"]
[SourceTitle "playchess.com"]
[Source "ChessBase"]
[SourceQuality "1"]
[TimeControl "5400+30"]

1. e4 d6 2. d4 Nf6 3. Nc3 c6 4. f4 Qa5 5. Bd3 e5 6. Nf3 Bg4 7. Bd2 Bxf3 8. Qxf3 exd4 9. Ne2 Qb6 10. e5 Nd5 11. Qe4 Nd7 12. exd6+ Kd8 13. Qxd4 Qxd4 14. Nxd4 Bxd6 15. g3 Re8+ 16. Kd1 Nc5 17. Re1 Rxe1+ 18. Bxe1 Nxd3 19. cxd3 Kd7 20. Bc3 g6 21. Nf3 f6 22. Kd2 b5 23. Bd4 Bb4+ 24. Kc2 a5 25. Nd2 Re8 26. a3 Bxd2 27. Kxd2 a4 28. Rf1 f5 29. Rc1 Re6 30. Rf1 h5 31. h4 Ne7 32. Bc5 Nd5 33. Rb1 Re8 34. Bd4 Nc7 35. Be5 Ne6 36. Kc3 c5 37. d4 cxd4+ 38. Bxd4 Rc8+ 39. Kd3 Rc4 40. Be3 Kc6 41. b3 axb3 42. Rxb3 Ra4 43. Rc3+ Kd5 44. Rb3 Kc6 45. Rc3+ Kd6 46. Rb3 Nc7 47. Bf2 Ra6 48. Be1 Kd5 49. Bd2 Rc6 50. Ba5 Ne6 51. Rxb5+ Nc5+ 52. Ke3 Re6+ 53. Kf3 Kc4 54. Rb6 Re4 55. Rxg6 Nb3 56. Bb6 Re1 57. Be3 Ra1 58. Ra6 Kd3 59. Rd6+ Kc4 60. Ra6 Kd3 61. a4 Rf1+ 62. Kg2 Ra1 63. Kf2 Ke4 64. Re6+ Kd3 65. Re5 Rxa4 66. Rxf5 Na1 67. Rd5+ Ke4 68. Re5+ Kd3 69. Kf3 Nc2 70. Rd5+ Kc4 71. Rxh5 {[%emt 0:00:02] Kd5 Ke4+} 1-0

[Event "IV Jugando con las Estrellas 2019"]
[Site "Santa Cruz de la Palma"]
[Date "2019.08.11"]
[Round "3.7"]
[White "Roeder, Matthias"]
[Black "Ramirez Medina, Victor"]
[Result "1/2-1/2"]
[ECO "A12"]
[WhiteElo "2380"]
[BlackElo "2270"]
[Annotator "NA"]
[PlyCount "53"]
[EventDate "2019.08.09"]
[EventType "swiss"]
[EventCountry "ESP"]
[SourceTitle "playchess.com"]
[Source "ChessBase"]
[SourceQuality "1"]
[TimeControl "5400+30"]

1. Nf3 d5 2. g3 Nf6 3. Bg2 c6 4. O-O Bf5 5. d3 e6 6. Nbd2 h6 7. b3 Be7 8. Bb2 O-O 9. c4 a5 10. a3 Bh7 11. Ra2 Nbd7 12. Qa1 Re8 13. Ne5 Bf8 14. Nxd7 Nxd7 15. Bc3 Nc5 16. Rb1 b5 17. cxb5 cxb5 18. Rc1 Qb8 19. b4 axb4 20. Bxb4 Qa7 21. Rcc2 Nd7 22. Bxf8 Rxf8 23. Qc1 Rfd8 24. Rc7 Qa4 25. Rb2 Qxa3 26. Rxb5 Qxc1+ 27. Rxc1 1/2-1/2

[Event "IV Jugando con las Estrellas 2019"]
[Site "Santa Cruz de la Palma"]
[Date "2019.08.11"]
[Round "3.8"]
[White "Martin Hernandez, Ruben"]
[Black "Bressac, Stephane"]
[Result "0-1"]
[ECO "C41"]
[WhiteElo "2184"]
[BlackElo "2345"]
[Annotator "NA"]
[PlyCount "100"]
[EventDate "2019.08.09"]
[EventType "swiss"]
[EventCountry "ESP"]
[SourceTitle "playchess.com"]
[Source "ChessBase"]
[SourceQuality "1"]
[TimeControl "5400+30"]

1. e4 d6 2. d4 Nf6 3. Nc3 e5 4. Nf3 Nbd7 5. Bc4 exd4 6. Qxd4 Be7 7. Bf4 Nb6 8. O-O-O O-O 9. Bb3 Be6 10. Bxe6 fxe6 11. e5 Nfd5 12. exd6 cxd6 13. Nxd5 Nxd5 14. Bg3 Bf6 15. Qe4 Re8 16. Bh4 Qa5 17. Bxf6 Nxf6 18. Qc4 Rac8 19. Qb3 Ne4 20. Rhe1 Nc5 21. Qa3 Qxa3 22. bxa3 d5 23. Nd4 Kf7 24. Re3 a6 25. Rde1 e5 26. Nf5 Rc6 27. Kd1 e4 28. f3 Kf6 29. Nd4 Rb6 30. Nb3 Na4 31. Kc1 Rbe6 32. Rd1 Re5 33. Rd4 b5 34. f4 Rf5 35. g4 Rxf4 36. Rxd5 Rxg4 37. Nd4 Rg1+ 38. Kd2 Nb2 39. Rh3 e3+ 40. Ke2 Rg2+ 41. Ke1 h6 42. Rd6+ Ke5 43. Rd7 Nc4 44. Rh5+ Kf6 45. Rf5+ Kg6 46. Rff7 Kh7 47. Nf5 Rg8 48. Rfe7 Nxa3 49. Nxe3 Nxc2+ 50. Nxc2 Rxc2 0-1

[Event "IV Jugando con las Estrellas 2019"]
[Site "Santa Cruz de la Palma"]
[Date "2019.08.11"]
[Round "4.2"]
[White "Pile, Richard"]
[Black "Klimentov, Evgeny"]
[Result "1-0"]
[ECO "B11"]
[WhiteElo "2416"]
[BlackElo "2211"]
[Annotator "ChessBase"]
[PlyCount "119"]
[EventDate "2019.08.09"]
[EventType "swiss"]
[EventCountry "ESP"]
[SourceTitle "playchess.com"]
[Source "ChessBase"]
[SourceQuality "1"]
[TimeControl "5400+30"]

1. e4 c6 2. Nc3 d5 3. Nf3 Bg4 4. h3 Bxf3 5. Qxf3 e6 6. Be2 Nf6 7. d3 Bb4 8. O-O O-O 9. Qg3 Kh8 10. Bf4 Nbd7 11. Rfd1 Rc8 12. Bf3 Re8 13. e5 Ng8 14. a3 Be7 15. Bh5 Rf8 16. d4 c5 17. dxc5 Nxc5 18. Rac1 a6 19. Bg4 f5 20. exf6 Nxf6 21. Bf3 Qb6 22. b4 Ncd7 23. Ne2 Rfe8 24. c4 e5 25. Be3 d4 26. c5 Qc7 27. Nxd4 exd4 28. Bf4 Qd8 29. Rxd4 Rc6 30. Bxc6 bxc6 31. Qd3 Qc8 32. Re1 Nd5 33. Bd2 N7f6 34. Qc4 Rd8 35. Bc1 Qb7 36. Qd3 Rf8 37. Bd2 Bd8 38. Qc4 Bc7 39. a4 Rb8 40. Rb1 Nd7 41. Qc2 Be5 42. Re4 Qc7 43. Qc4 Bf6 44. Rbe1 Ne5 45. Qxa6 Rf8 46. Qe2 Qf7 47. Kh1 h6 48. Rxe5 Bxe5 49. Qxe5 Qxf2 50. Bxh6 Rf6 51. Bg5 Rf5 52. Qe8+ Rf8 53. Qh5+ Kg8 54. Qe2 Qg3 55. Bd2 g6 56. Qe6+ Kh7 57. Qxc6 Qd3 58. Qd7+ Kh8 59. Bh6 Qc3 60. Bg7+ 1-0

[Event "IV Jugando con las Estrellas 2019"]
[Site "Santa Cruz de la Palma"]
[Date "2019.08.11"]
[Round "4.3"]
[White "Bressac, Stephane"]
[Black "Pap, Misa"]
[Result "1-0"]
[ECO "C48"]
[WhiteElo "2345"]
[BlackElo "2454"]
[Annotator "ChessBase"]
[PlyCount "85"]
[EventDate "2019.08.09"]
[EventType "swiss"]
[EventCountry "ESP"]
[SourceTitle "playchess.com"]
[Source "ChessBase"]
[SourceQuality "1"]
[TimeControl "5400+30"]

1. e4 e5 2. Nf3 Nc6 3. Nc3 Nf6 4. Bb5 Bd6 5. a3 Nd4 6. Bc4 c6 7. d3 Nxf3+ 8. Qxf3 O-O 9. g4 b5 10. Bb3 b4 11. axb4 Bxb4 12. g5 Ne8 13. h4 Nc7 14. Qg3 d5 15. Bd2 Bd6 16. g6 fxg6 17. O-O-O Be6 18. h5 g5 19. Bxg5 Qd7 20. exd5 cxd5 21. Qg2 Bc5 22. Qg3 Bd4 23. Ne2 Bxf2 24. Qxe5 Rf5 25. Qh2 Raf8 26. Bd2 d4 27. Ng3 Rf3 28. Ne4 Bxb3 29. Nc5 Qc6 30. Nxb3 Ne6 31. Kb1 Nc5 32. h6 Bg3 33. Nxd4 Qd5 34. Qh5 Qxd4 35. hxg7 Qxg7 36. Qxc5 Bf2 37. Qd5+ Qf7 38. Qg5+ Qg6 39. Qd5+ R3f7 40. Rh2 Bg3 41. Rg2 h5 42. Rh1 Qg4 43. Rxh5 1-0

[Event "IV Jugando con las Estrellas 2019"]
[Site "Santa Cruz de la Palma"]
[Date "2019.08.11"]
[Round "4.4"]
[White "Ramirez Medina, Victor"]
[Black "Pakleza, Zbigniew"]
[Result "1/2-1/2"]
[ECO "A53"]
[WhiteElo "2270"]
[BlackElo "2499"]
[Annotator "ChessBase"]
[PlyCount "60"]
[EventDate "2019.08.09"]
[EventType "swiss"]
[EventCountry "ESP"]
[SourceTitle "playchess.com"]
[Source "ChessBase"]
[SourceQuality "1"]
[TimeControl "5400+30"]

1. Nf3 Nf6 2. c4 d6 3. d4 Bg4 4. e3 Nbd7 5. Be2 e5 6. Nc3 c6 7. Qc2 Be7 8. O-O O-O 9. Rd1 Qc7 10. b3 Rfe8 11. Bb2 Bf8 12. d5 a6 13. h3 Bxf3 14. Bxf3 c5 15. g3 g6 16. Bg2 Nh5 17. e4 Bh6 18. Rf1 Re7 19. Ne2 Rf8 20. Bc1 Bxc1 21. Qxc1 Ng7 22. Qd2 Qd8 23. Rae1 Ree8 24. Qc3 f6 25. Qd2 Rf7 26. Qc3 Ref8 27. Qd2 Re8 28. Qc3 Rfe7 29. Qd2 Qb6 30. Nc1 Qd8 1/2-1/2